 Dungeon Crawl Stone Soup version 0.19.1 (webtiles) character file.

9812 M4edhros the Martial Artist (level 11, -18/72 HPs)
             Began as an Octopode Necromancer on Dec 20, 2016.
             Was an Elder of Cheibriados.
             Demolished by a minotaur
             ... wielding a +1 rod of shadows (4/14)
              (20 damage)
             ... in a labyrinth.
             The game lasted 00:47:46 (7170 turns).

M4edhros the Martial Artist (Octopode Necromancer)  Turns: 7170, Time: 00:47:47

Health: -18/72     AC:  1    Str: 22    XL:     11   Next: 52%
Magic:  17/21      EV: 25    Int: 35    God:    Cheibriados [****..]
Gold:   445        SH:  0    Dex: 27    Spells: 5 memorised, 1 level left

rFire  + . .     SeeInvis .       - Unarmed
rCold  + + .     Gourm    .     (no shield)
rNeg   . . .     Faith    .     (helmet restricted)
rPois  .         Spirit   .     N - amulet of Nuamaume {+Rage MR+}
rElec  .         Reflect  .     B - ring of protection from fire
rCorr  .         Harm     .     r - ring "Igaywar" {rC+ MP+9 Str+3 Dex+2}
MR     +....                    y - ring of wizardry
Stlth  ++++......               Q - ring of the Four Orbs {rF+ Int+8 Stlth-}
                                R - ring of ice
                                (no ring)
                                (no ring)
                                (no ring)

@: studying Unarmed Combat, very slow
A: almost no armour, stealthy swim, amphibious, 8 rings, constrict 8, repulsion
field 1, camouflage 1, frail 1, low mp 1, mutation resistance 1, gelatinous body
1
a: Bend Time, Temporal Distortion, Slouch, Renounce Religion, Evoke Berserk Rage


You were in a labyrinth.
You worshipped Cheibriados.
Cheibriados was greatly pleased with you.
You were not hungry.

You visited 2 branches of the dungeon, and saw 14 of its levels.
You also visited: Labyrinth and Ice Cave.

You collected 755 gold pieces.
You spent 310 gold pieces at shops.

Inventory:

Hand Weapons
 e - a +1 dagger of venom
 i - a +1 hunting sling
 P - the +4 long sword of Mana {slice, -Tele +Inv rN+ Str+5, unknown}
   (You found it on level 10 of the Dungeon)

   It inflicts extra damage upon your enemies.
   It affects your strength (+5).
   It protects you from negative energy.
   It lets you turn invisible.
   It prevents most forms of teleportation.
Missiles
 d - 50 sling bullets (quivered)
Jewellery
 h - an uncursed ring of fire
 r - the ring "Igaywar" (right tentacle) {rC+ MP+9 Str+3 Dex+2}
   (You bought it in a shop on level 6 of the Dungeon)

   [ring of protection from cold]

   It affects your strength (+3).
   It affects your dexterity (+2).
   It protects you from cold.
   It affects your magic capacity (+9).
 y - a ring of wizardry (on tentacle)
 B - a ring of protection from fire (left tentacle)
 H - an uncursed amulet of the gourmand
 N - the amulet of Nuamaume (around mantle) {+Rage MR+}
   (You found it on level 10 of the Dungeon)

   [amulet of rage]

   It affects your resistance to hostile enchantments.
   It lets you go berserk.
 Q - the ring of the Four Orbs (on tentacle) {rF+ Int+8 Stlth-}
   (You found it on level 10 of the Dungeon)

   [ring of protection from fire]

   It affects your intelligence (+8).
   It protects you from fire.
   It makes you less stealthy.
 R - a ring of ice (on tentacle)
Wands
 p - a wand of teleportation (0/9)
 C - a wand of confusion (15/48)
 K - a wand of digging (0/24)
 L - a wand of digging (12/24)
Scrolls
 c - 2 scrolls of teleportation
 j - 4 scrolls of amnesia
 n - a scroll of enchant armour
 q - 5 scrolls of remove curse
 z - a scroll of fear
 A - a scroll of enchant weapon
Potions
 m - 2 potions of flight
 t - 3 potions of resistance
 D - 2 potions of curing
 E - 2 potions of cure mutation
 F - a potion of magic
 G - a potion of brilliance
Books
 a - a book of Necromancy

   Spells                             Type                      Level
   a - Pain                           Necromancy                   1
   b - Animate Skeleton               Necromancy                   1
   c - Vampiric Draining              Necromancy                   3
   d - Regeneration                   Charms/Necromancy            3
   e - Animate Dead                   Necromancy                   4
   f - Control Undead                 Necromancy                   4
 g - a manual of Unarmed Combat
 l - a book of Callings

   Spells                             Type                      Level
   a - Summon Small Mammal            Summoning                    1
   b - Call Imp                       Summoning                    2
   c - Call Canine Familiar           Summoning                    3
   d - Summon Guardian Golem          Hexes/Summoning              3
   e - Summon Lightning Spire         Summoning/Air                4
   f - Summon Ice Beast               Ice/Summoning                4
Comestibles
 b - 7 bread rations
 f - 9 beef jerkies
 k - 2 royal jellies
 o - a slice of pizza
 s - 9 fruits
 I - a meat ration


   Skills:
 - Level 9.0 Fighting
 + Level 9.2 Dodging
 - Level 6.9 Stealth
 + Level 10.8 Unarmed Combat
 - Level 2.0 Spellcasting
 - Level 4.0 Necromancy
 + Level 1.7 Air Magic
 * Level 2.5 Invocations
 * Level 2.5 Evocations


You had one spell level left.
You knew the following spells:

 Your Spells              Type           Power        Failure   Level  Hunger
a - Pain                  Necr           ####         1%          1    None
b - Animate Skeleton      Necr           N/A          1%          1    None
c - Regeneration          Chrm/Necr      ###.......   4%          3    ###....
d - Animate Dead          Necr           N/A          4%          4    ####...
e - Summon Lightning Spi  Summ/Air       #.......     21%         4    ####...


Dungeon Overview and Level Annotations

Branches:
Dungeon (13/15)            Temple (1/1) D:7             Orc (0/2) D:11
   Lair: D:8-11      Vaults: D:13-14

Altars:
Ashenzari
Cheibriados
Dithmenos
Elyvilon
Kikubaaqudgha
Makhleb
Okawaru
Qazlal
Ru
Vehumet
Zin
The Shining One

Shops:
D:6 =(*

Portals:
Trove: D:10 (give wand of hasting (9))


Innate Abilities, Weirdness & Mutations

You cannot wear most types of armour.
You are very stealthy in the water. (Stealth+)
You are amphibious.
You can wear up to eight rings at the same time.
You can use your tentacles to constrict eight enemies at once.
Your skin changes colour to match your surroundings (Stealth+).
Your rubbery body absorbs attacks. (AC +1, EV +1)
You are surrounded by a mild repulsion field. (EV +2)
You are frail. (-10% HP)
Your magical capacity is low. (-10% MP)
You are somewhat resistant to further mutation.


Message History

You constrict the minotaur. The orc priest completely misses you.
The minotaur hits you with a rod of shadows!!
The minotaur barely misses you. The centaur warrior hits you!
You tentacle-slap the minotaur but do no damage.
The minotaur is heavily wounded.
You constrict the minotaur. The minotaur completely misses you.
The minotaur gores you!!
* * * LOW HITPOINT WARNING * * *
The centaur warrior completely misses you.
The minotaur completely misses you. x2
As you read the scroll of fear, it crumbles to dust.
You assume a fearsome visage.
The minotaur resists with some effort.
The orc looks frightened! x2; The orc priest looks frightened!
The orc looks frightened!
The centaur warrior looks frightened!
You constrict the minotaur.
The minotaur hits you with a rod of shadows!
* * * LOW HITPOINT WARNING * * *
The minotaur barely misses you. The minotaur closely misses you.
The minotaur gores you!!
You die...

#.# ###.# #..
# # . #### ##
# # . .. . ...
#.###.#####.##
# #
#.....#c#.#.#
#...!.....#
#.###@### #
#.oH..#.#
###.###..


.oo #..# ≈o≈ #... ≈≈≈≈≈#. ## ###### . . # You could see a minotaur, a centaur
warrior (fleeing), an orc priest (fleeing) and 3 orcs.

Vanquished Creatures
  Fannar (D:11)
  A hill giant (D:11)
  A deep elf mage (D:9)
  A manticore (D:11)
  2 ice statues (IceCv)
  5 ice devils (IceCv)
  A two-headed ogre (D:11)
  3 slime creatures (D:12)
  A wraith (D:13)
  6 yaks (D:12)
  A wyvern (D:8)
  An orc warrior (D:7)
  A sky beast (D:9)
  2 ice beasts (D:8)
  3 centaurs
  Blork the orc (D:4)
  4 bullfrogs
  5 scorpions
  5 wights (D:9)
  A howler monkey (D:10)
  2 jellies
  6 crimson imps
  A centaur skeleton (D:12)
  5 hounds
  3 orc priests
  4 orc wizards
  2 bullfrog skeletons
  4 iguanas
  5 worker ants
  A hound zombie (D:4)
  A hound skeleton (D:9)
  A worker ant zombie (D:9)
  2 gnolls (D:11)
  10 adders
  A shadow imp (D:10)
  15 white imps
  2 ufetubi (IceCv)
  An ooze (D:3)
  An adder zombie (D:9)
  2 worms (D:4)
  2 dart slugs
  5 leopard geckos
  7 orcs
  4 giant cockroaches
  5 goblins
  8 hobgoblins
  13 jackals
  2 quokkas
  5 bats
  3 frilled lizards
  3 kobolds
  A leopard gecko skeleton (D:4)
  4 rats
177 creatures vanquished.

Vanquished Creatures (collateral kills)
  A hydra (D:12)
  A centaur zombie (D:11)
  Maurice (D:8)
  An ice devil (IceCv)
  A hippogriff (D:11)
  An ogre (D:7)
  A gnoll sergeant (D:11)
  An orc wizard (D:7)
  A gnoll (D:11)
  A white imp (IceCv)
  An ufetubus (IceCv)
  A jackal (D:11)
12 creatures vanquished.

Vanquished Creatures (others)
  A reaper (IceCv)
  4 white imps (IceCv)
  8 ufetubi (IceCv)
  A bush (D:7)
14 creatures vanquished.

Grand Total: 203 creatures vanquished

Notes
Turn   | Place    | Note
-------+----------+-------------------------------------------
     0 | D:1      | M4edhros the Octopode Necromancer began the quest for the Orb.
     0 | D:1      | Reached XP level 1. HP: 11/11 MP: 3/3
    58 | D:1      | Reached skill level 1 in Unarmed Combat
    98 | D:1      | Reached XP level 2. HP: 10/17 MP: 1/5
   181 | D:3      | Reached skill level 2 in Unarmed Combat
   196 | D:3      | Learned a level 1 spell: Animate Skeleton
   233 | D:3      | Reached XP level 3. HP: 9/21 MP: 4/6
   238 | D:3      | Learned a level 3 spell: Regeneration
   281 | D:4      | Reached skill level 3 in Unarmed Combat
   281 | D:4      | Reached XP level 4. HP: 25/27 MP: 0/7
   326 | D:5      | Entered Level 5 of the Dungeon
   392 | D:5      | Reached skill level 4 in Unarmed Combat
   404 | D:4      | Reached XP level 5. HP: 19/31 MP: 2/8
   428 | D:4      | Noticed Blork the orc
   439 | D:4      | Gained mutation: You are somewhat resistant to further mutation. [potion of mutation]
   453 | D:4      | Killed Blork the orc
   453 | D:4      | Reached skill level 5 in Unarmed Combat
   651 | D:5      | Reached XP level 6. HP: 20/36 MP: 0/9
   685 | D:5      | Reached skill level 6 in Unarmed Combat
   731 | D:6      | Found Fuugih's Antique Weapon Shoppe.
   877 | D:6      | Reached skill level 7 in Unarmed Combat
   877 | D:6      | Reached XP level 7. HP: 25/41 MP: 8/10
  1077 | D:6      | Found Dekytsuacs's Assorted Antiques.
  1081 | D:6      | Bought a glittering lead ring for 155 gold pieces
  1081 | D:6      | Identified the ring "Igaywar" {rC+ MP+9 Str+3 Dex+2} (You bought it in a shop on level 6 of the Dungeon)
  1332 | D:6      | Found Jafuet's Jewellery Shop.
  1622 | D:7      | Reached skill level 8 in Unarmed Combat
  1674 | D:7      | Reached XP level 8. HP: 33/46 MP: 10/11
  1764 | D:7      | Reached skill level 1 in Fighting
  1807 | D:7      | Found a staircase to the Ecumenical Temple.
  1812 | Temple   | Entered the Ecumenical Temple
  1838 | Temple   | Became a worshipper of Cheibriados the Contemplative
  2375 | D:2      | Reached * piety under Cheibriados
  2920 | D:3      | Reached skill level 9 in Unarmed Combat
  3284 | D:8      | Reached ** piety under Cheibriados
  3455 | D:9      | Found a shadowy altar of Dithmenos.
  3455 | D:9      | Noticed Maurice
  3463 | D:8      | Reached XP level 9. HP: 51/58 MP: 12/12
  3487 | D:8      | Killed Maurice
  3520 | D:8      | Reached skill level 5 in Dodging
  3690 | D:6      | Bought a glowing steel ring for 155 gold pieces
  3843 | D:9      | Reached skill level 5 in Fighting
  3848 | D:9      | Gained mutation: You are frail. (-10% HP) [mutagenic meat]
  3849 | D:9      | Gained mutation: Your magical capacity is low. (-10% MP) [mutagenic meat]
  3863 | D:9      | Noticed a deep elf mage
  3875 | D:9      | Killed a deep elf mage
  3875 | D:9      | Reached skill level 5 in Stealth
  4028 | D:10     | Entered Level 10 of the Dungeon
  4069 | D:10     | Found a portal to a secret trove of treasure.
  4070 | D:10     | Got a serpentine pewter amulet
  4072 | D:10     | Identified the amulet of Nuamaume {+Rage MR+} (You found it on level 10 of the Dungeon)
  4095 | D:10     | Got an ivory long sword
  4167 | D:10     | Got a heavily runed lapis lazuli ring
  4168 | D:10     | Identified the ring of the Four Orbs {rF+ Int+8 Stlth-} (You found it on level 10 of the Dungeon)
  4174 | D:10     | Learned a level 4 spell: Animate Dead
  4217 | D:10     | Reached *** piety under Cheibriados
  4217 | D:10     | Reached XP level 10. HP: 40/61 MP: 11/11
  4265 | D:11     | Noticed a manticore
  4265 | D:11     | Noticed a hill giant
  4274 | D:11     | Noticed Fannar
  4280 | D:11     | Killed a manticore
  4317 | D:11     | Killed Fannar
  4317 | D:11     | Reached skill level 10 in Unarmed Combat
  4329 | D:11     | Found a staircase to the Orcish Mines.
  4370 | D:11     | Killed a hill giant
  4575 | D:12     | Gained mutation: You are surrounded by a mild repulsion field. (EV +2) [potion of mutation]
  4672 | D:12     | Noticed a seven-headed hydra
  4686 | D:12     | Killed a seven-headed hydra
  4686 | D:12     | Reached XP level 11. HP: 25/70 MP: 12/12
  4695 | D:12     | Found a shattered altar of Ashenzari.
  4706 | D:12     | Reached **** piety under Cheibriados
  4759 | D:12     | Learned a level 4 spell: Summon Lightning Spire
  4809 | D:12     | Found a frozen archway.
  4846 | IceCv    | Entered an ice cave
  5068 | IceCv    | Reached skill level 1 in Air Magic
  5068 | IceCv    | Reached skill level 1 in Invocations
  5068 | IceCv    | Reached skill level 1 in Evocations
  5162 | IceCv    | Killed a reaper
  5458 | D:13     | Found a labyrinth entrance.
  5467 | Lab      | Entered a labyrinth
  5474 | Lab      | Yeah, found labirynt with chei, gj : )
  6004 | Lab      | Noticed a minotaur
  6009 | Lab      | Noticed a hill giant
  7167 | Lab      | Noticed a centaur warrior
  7170 | Lab      | HP: 2/72 [minotaur/rod of shadows (8)]
  7170 | Lab      | Identified a +1 rod of shadows (4/14)
  7170 | Lab      | Demolished by a minotaur

Skill      XL: |  1  2  3  4  5  6  7  8  9 10 11 |
---------------+----------------------------------+-----
Unarmed Combat | 1 2 3 4 5 7 8 9 10 | 10.8
Fighting       | 3 6 8 9 |  9.0
Dodging        | 4 6 8 9 |  9.2
Stealth        | 3 5 6 |  6.9
Air Magic      | 1 |  1.7
Invocations    | 2 |  2.5
Evocations     | 2 |  2.5
Spellcasting   | |  2.0
Necromancy     | |  4.0

Action                   |  1- 3 |  4- 6 |  7- 9 | 10-12 || total
-------------------------+-------+-------+-------+-------++-------
Melee: Unarmed           |     9 |       |   106 |   197 ||   312
       Constrict         |     6 |    11 |    69 |    29 ||   115
       Tentacles         |     5 |    12 |    75 |    84 ||   176
       Dagger            |     8 |    42 |   136 |       ||   186
       Punch             |       |       |    22 |    28 ||    50
 Cast: Pain              |    15 |     6 |    14 |    15 ||    50
       Animate Skeleton  |     1 |     2 |    23 |     8 ||    34
       Regeneration      |     2 |     9 |    40 |    53 ||   104
       Animate Dead      |       |       |       |     1 ||     1
       Summon Lightning  |       |       |       |     6 ||     6
Evoke: Wand              |       |       |     4 |    20 ||    24
  Use: Potion            |       |     3 |     1 |    12 ||    16
       Scroll            |       |       |     6 |    14 ||    20
 Stab: Sleeping          |     2 |     8 |    20 |     1 ||    31
       Invisible         |       |       |       |     8 ||     8
       Confused          |       |       |       |     4 ||     4
       Distracted        |       |       |       |     1 ||     1
  Eat: Chunk             |       |       |    17 |       ||    17
       Meat ration       |       |       |     2 |     1 ||     3
Armor: Skin              |     2 |       |    10 |     1 ||    13
Dodge: Dodged            |    12 |    22 |   158 |   187 ||   379
